Cogmind - Beta 11 X5 @@@ ROGUE MODE // 2021.07.10 @ 17:23:45 Player: AlmondRoll Result: Self-destructed Performance ------------- Evolutions (4) 2000 Regions Visited (15) 3000 Robots Destroyed (161) 805 Value Destroyed (5374) 5374 Prototype IDs (42) 840 Alien Tech Used (0) 0 Bonus (1063) 1063 TOTAL SCORE: 13082 Bonus ------- High Alert Combat Kills 121 Follower Combat Kills 655 Network Hubs Disabled 400 Aligned with FarCom 300 Friendly Fire -413 Cogmind --------- Core Integrity 374/850 Matter 140/300 Energy 3/100 System Corruption 27% Temperature Cool (0) Movement Core (250) Ox4 Location -6/Hub_04(d) Parts ------- > --- POWER (1) -------- (None) > --- PROPULSION (3) --- (None) > --- UTILITY (8) ------ High-capacity Storage Unit Advanced Weight Redist. System Makeshift Salvage Targeting Computer > --- WEAPON (3) ------- Improved KE Penetrator Improved KE Penetrator > --- INVENTORY (20) --- Reinforced Deuterium Engine Advanced Heat Sink Advanced Heat Sink Experimental Sensor Array Weapon Cycler Improved Hacking Suite Improved Hacking Suite Improved Hacking Suite Improved Hacking Suite Improved Hacking Suite Improved System Shield Improved System Shield Improved System Shield Improved System Shield Long-range Tractor Beam Bore Cannon Bore Cannon Light Antimatter Cannon Advanced Datajack Peak State ------------ > --- POWER ------------ Quantum Reactor > --- PROPULSION ------- Centrium Heavy Treads Armored Wheel > --- UTILITY ---------- Advanced Heat Sink High-capacity Storage Unit Advanced Weight Redist. System Makeshift Salvage Targeting Computer Improved Target Analyzer Layered Medium Armor Plating Centrium Medium Armor Plating Centrium Medium Armor Plating > --- WEAPON ----------- Improved KE Penetrator Improved KE Penetrator Improved KE Penetrator > --- INVENTORY -------- Reinforced Deuterium Engine Improved Medium Treads Improved Medium Treads Compact Wheel Advanced Heat Sink Improved Trap Scanner Experimental Sensor Array Kinecellerator Weapon Cycler System Backup Module Long-range Tractor Beam Advanced Variable Charge Gun Guided Plasma Cannon Autogun Gauss Cannon Heavy Flak Cannon Bore Cannon Bore Cannon Light Antimatter Cannon Scatter Rocket Array [Rating: 104] Favorites ----------- Power Heavy Deuterium Engine Engine Heavy Deuterium Engine Power Core Light Nuclear Core Reactor Quantum Reactor Propulsion Medium Treads Treads Medium Treads Leg Aluminum Leg Wheel Armored Wheel Utility High-capacity Storage Unit Device Advanced Weight Redist. System Storage High-capacity Storage Unit Processor Makeshift Salvage Targeting Computer Hackware Hacking Suite Protection Centrium Medium Armor Plating Weapon Autogun Energy Gun Small Laser Energy Cannon Guided Plasma Cannon Ballistic Gun Autogun Ballistic Cannon Gauss Cannon Launcher Scatter Rocket Array Slashing Weapon Mining Claw Build | -11 -10 -10 -10 -9 -8 -7 -7 -7 -7 -6 -6 -6 -6 -6 -6 ------- Run | Scr Mat Min Exi Min Mat Fac Low Low Zio Pro Fac Ext Cet Arc Hub Slots Evolved 8 | . . . . . 4 2 . . . . 2 . . . . Power . | . . . . . . . . . . . . . . . . Propulsion 1 | . . . . . 1 . . . . . . . . . . Utility 6 | . . . . . 2 2 . . . . 2 . . . . Weapon 1 | . . . . . 1 . . . . . . . . . . Parts Attached 216 | 2 8 . 1 . 33 41 8 6 8 9 41 20 23 6 10 Power 4 | . . . . . 1 1 . . . . 1 . 1 . . Engine 2 | . . . . . . 1 . . . . 1 . . . . Core 1 | . . . . . 1 . . . . . . . . . . Reactor 1 | . . . . . . . . . . . . . 1 . . Propulsion 25 | 2 . . . . 5 7 2 . . . 3 4 1 1 . Treads 17 | . . . . . 4 6 . . . . 2 4 1 . . Leg . | . . . . . . . . . . . . . . . . Wheel 8 | 2 . . . . 1 1 2 . . . 1 . . 1 . Hover . | . . . . . . . . . . . . . . . . Flight . | . . . . . . . . . . . . . . . . Utility 94 | . 2 . 1 . 11 15 4 3 4 5 16 10 12 3 8 Device 59 | . . . . . 10 12 3 2 2 4 12 3 7 1 3 Storage 2 | . 1 . 1 . . . . . . . . . . . . Processor 7 | . . . . . 1 2 1 . 1 . 1 1 . . . Hackware 4 | . . . . . . 1 . . . . . 3 . . . Protection 22 | . 1 . . . . . . 1 1 1 3 3 5 2 5 Artifact . | . . . . . . . . . . . . . . . . Weapon 93 | . 6 . . . 16 18 2 3 4 4 21 6 9 2 2 Energy Gun 10 | . 1 . . . 6 . . . . . . . 2 1 . Energy Cannon 24 | . . . . . 6 6 1 2 1 2 6 . . . . Ballistic Gun 28 | . 3 . . . 4 3 . . 2 . 5 3 6 1 1 Ballistic Cannon 25 | . 1 . . . . 9 1 . 1 2 8 3 . . . Launcher 5 | . . . . . . . . 1 . . 2 . 1 . 1 Special Weapon . | . . . . . . . . . . . . . . . . Impact Weapon . | . . . . . . . . . . . . . . . . Slashing Weapon 1 | . 1 . . . . . . . . . . . . . . Piercing Weapon . | . . . . . . . . . . . . . . . . Special Melee Weapon . | . . . . . . . . . . . . . . . . Unidentified Prototypes 16 | . . . . . 3 2 . . 1 . 6 . 4 . . Corrupted Parts 1 | . . . . . . 1 . . . . . . . . . System Corruption 9 | . . . . . . 9 . . . . . . . . . Parts Lost 24 | . . . . . 4 1 . . . . 3 3 3 . 10 Power 2 | . . . . . 1 . . . . . . . . . 1 Propulsion 4 | . . . . . 1 . . . . . 1 . . . 2 Utility 11 | . . . . . 1 1 . . . . . 1 3 . 5 Weapon 7 | . . . . . 1 . . . . . 2 2 . . 2 Highest Loss Streak 10 | . . . . . 3 1 . . . . 3 2 2 . 10 Average Slot Usage (%) 98 | . 96 100 100 100 94 99 100 100 98 99 99 99 93 93 91 Engine 6 | . 14 14 14 14 4 6 7 7 7 7 6 6 2 . . Treads 11 | . . . . . 8 15 15 15 15 15 13 13 7 6 6 Wheel 8 | . 28 28 28 28 15 7 7 7 7 7 5 6 6 6 5 Device 21 | . . . . . 21 29 28 22 22 22 32 9 12 13 12 Storage 7 | . 14 14 14 14 9 7 7 7 7 7 6 6 6 6 6 Processor 10 | . . . . . . 3 9 15 14 15 13 19 14 13 12 Hackware 1 | . . . . . . 3 . . . . . 15 . . . Protection 4 | . 11 14 14 14 4 . . . . . . 2 17 19 19 Energy Cannon 1 | . . . . . . . 3 6 6 5 1 . . . . Ballistic Gun 15 | . 17 14 14 14 18 15 15 15 13 15 12 11 17 20 19 Ballistic Cannon 3 | . 3 14 14 14 4 6 3 . . 1 3 7 1 . . Naked Turns . | . . . . . . . . . . . . . . . . Heaviest Build 103 | 10 21 21 51 51 68 75 73 69 73 73 85 83 101 101 103 Greatest Support 89 | 32 32 32 32 32 48 59 50 21 59 59 65 69 60 89 89 Greatest Overweight (x) 7 | . . . 1 1 3 6 3 3 3 3 7 6 6 4 4 Average Overweight (x) 2 | . . . . 1 1 3 2 3 2 2 2 2 3 3 3 Largest Inventory Capacity 20 | 8 10 10 20 20 20 20 20 20 20 20 20 20 20 20 20 Average Capacity 19 | 8 8 10 17 20 20 20 20 20 20 20 20 20 20 20 20 Most Carried 20 | 8 10 10 11 11 20 20 20 20 20 20 20 20 20 20 20 Average Carried 18 | 6 8 9 10 11 18 19 19 19 19 20 19 19 19 18 19 Final Capacity 20 | 8 10 10 20 20 20 20 20 20 20 20 20 20 20 20 20 Final Carried 20 | 8 10 10 11 11 18 20 20 20 20 20 20 20 20 20 19 Class Distribution -------------------- 45% | Mutant 16% | Gunner 11% | Scavenger-Tank 10% | Scavenger-Skirmisher 6% | Hacker-Gunner 4% | Scavenger-Mutant 3% | Scavenger-Gunner Dominant Class ---------------- Mutant | -10/Materials Mutant | -10/Mines Mutant | -10/Exiles Mutant | -9/Mines Skirmisher | -8/Materials Scavenger-Skirmisher | -7/Factory Mutant | -7/Lower Caves Mutant | -7/Lower Caves Mutant | -7/Zion Mutant | -6/Proximity Caves Mutant | -6/Factory Hacker-Gunner | -6/Extension Scavenger-Tank | -6/Cetus Scavenger-Tank | -6/Archives Scavenger-Tank | -6/Hub_04(d) Resources | -11 -10 -10 -10 -9 -8 -7 -7 -7 -7 -6 -6 -6 -6 -6 -6 ----------- Run | Scr Mat Min Exi Min Mat Fac Low Low Zio Pro Fac Ext Cet Arc Hub Matter Collected 5940 | 220 153 . 20 . 817 981 203 78 56 204 893 934 666 476 239 Remotely 224 | . . . . . 54 . . . . . . . . . 170 Salvage Created 7476 | 81 201 . . . 1033 1380 . 60 . 187 861 1104 988 714 867 Parts 412 | 5 17 . . . 55 66 . 4 . 9 42 52 44 60 58 Haulers Intercepted 13 | . 1 . . . 4 4 . . . . 2 . . . 2 Recyclers Shooed 11 | . 1 . . . 3 2 . . . . 4 1 . . . Parts Field Recycled . | . . . . . . . . . . . . . . . . Retrieved Matter . | . . . . . . . . . . . . . . . . Parts Self-Destructed 16 | . . . . . . . 5 3 . 8 . . . . . Prevented 1 | . . . . . . . . 1 . . . . . . . Kills | -11 -10 -10 -10 -9 -8 -7 -7 -7 -7 -6 -6 -6 -6 -6 -6 ------- Run | Scr Mat Min Exi Min Mat Fac Low Low Zio Pro Fac Ext Cet Arc Hub Combat Hostiles Destroyed 88 | . 7 . . . 10 14 . 2 . 4 10 12 16 4 9 Guns 60 | . 7 . . . 9 7 . . . 2 6 7 11 4 7 Cannons 22 | . . . . . 1 7 . . . 2 4 5 3 . . AOE 6 | . . . . . . . . 2 . . . . 2 . 2 Classes Destroyed 17 | 2 5 . . . 4 3 . . . 1 . . 1 . 1 Worker 10 | . . . . . . 2 . . . . 1 . . . 7 Builder 5 | . 1 . . . 1 . . . . . . 1 . . 2 Tunneler 2 | 1 . . . . . 1 . . . . . . . . . Hauler 13 | . 1 . . . 4 4 . . . . 2 . . . 2 Recycler 12 | 1 . . . . 4 6 . . . . . 1 . . . Carrier 1 | . . . . . . . . . . . . . 1 . . Operator 18 | . 1 . . . 3 . . . . . 2 2 . 9 1 Watcher 10 | . . . . . 2 3 . . . . 2 . 1 . 2 Swarmer 23 | . 6 . . . . . . 2 . 3 3 . 5 . 4 Grunt 32 | . 1 . . . 7 7 . . . . 4 7 6 . . Brawler 3 | . . . . . . 1 . . . . . 1 1 . . Duelist 1 | . . . . . 1 . . . . . . . . . . Protector 3 | . . . . . . . . . . . . . . . 3 Sentry 12 | . . . . . 1 2 . . . 1 1 2 . 4 1 Hunter 3 | . . . . . 1 . . . . . . 2 . . . Programmer 7 | . . . . . . 4 . . . . 2 . . . 1 Cetus Guard 4 | . . . . . . . . . . . . . 4 . . Samaritan 1 | . . . . . . . . . . 1 . . . . . Thug 1 | . . . . . . . . . . . . 1 . . . Savage 1 | . . . . . . . . . . . . 1 . . . Best Kill Streak 9 | 2 3 . . . 9 5 . 2 . 3 6 6 6 5 7 Combat Bots Only 6 | . 3 . . . 2 4 . 2 . 3 6 5 6 2 4 Max Kills in Single Turn 4 | 1 1 . . . 2 1 . 2 . 1 1 2 3 1 4 Gunslinging 2 | . . . . . . . . . . . . . 2 . 1 Exploded 2 | . . . . . . . . 2 . . . . 2 . 2 Melee . | . . . . . . . . . . . . . . . . Uniques/NPCs Destroyed . | . . . . . . . . . . . . . . . . Combat | -11 -10 -10 -10 -9 -8 -7 -7 -7 -7 -6 -6 -6 -6 -6 -6 -------- Run | Scr Mat Min Exi Min Mat Fac Low Low Zio Pro Fac Ext Cet Arc Hub Damage Taken 6877 | . 171 . . . 666 518 . 167 . 85 827 1097 906 207 2233 Core 676 | . 57 . . . 97 32 . . . 14 62 225 87 . 102 Absorbed by Shields 30 | . . . . . . . . . . . . 30 . . . Reduced by Siege Mode 182 | . . . . . . . . . . . . . 19 5 158 Core Remaining (%) 88 | 100 . . . 77 82 . . . . 93 . . . . . Volleys Fired 453 | 5 27 . . . 65 66 24 12 . 18 70 69 36 38 23 Largest 3 | 2 2 . . . 3 3 1 1 . 3 3 3 3 3 3 Hottest 240 | 80 80 . . . 120 120 120 120 . 120 120 137 240 105 105 Shots Fired 1049 | 10 53 . . . 175 150 25 11 . 24 140 202 92 104 63 Gun 730 | 10 49 . . . 129 84 . . . 6 74 139 74 104 61 Cannon 312 | . 4 . . . 46 66 25 7 . 18 66 63 17 . . Launcher 7 | . . . . . . . . 4 . . . . 1 . 2 Special . | . . . . . . . . . . . . . . . . Kinetic 930 | . 35 . . . 159 138 13 . . 9 119 202 90 104 61 Thermal 112 | 10 18 . . . 16 12 12 7 . 15 21 . 1 . . Explosive 3 | . . . . . . . . . . . . . 1 . 2 Electromagnetic 4 | . . . . . . . . 4 . . . . . . . Robot Hit Streak 15 | 2 8 . . . 12 11 . . . 8 10 8 13 15 7 Robot Miss Streak 7 | 2 3 . . . 3 4 . . . 3 5 6 7 4 3 Penetration Max 1 | . . . . . . 1 . . . . . 1 1 1 1 Secondary Targets 9 | . . . . . 1 . . . . . . 1 4 . 3 Max Gunslinging Chain 2 | . . . . . 1 . . . . . . 1 2 . 1 Shots Hit Robots 577 | 5 34 . . . 98 87 . . . 6 73 114 60 60 40 Core Hits 364 | 3 13 . . . 42 44 1 5 . 8 42 46 39 24 97 Critical Kills 38 | . . . . . . 1 . . . 1 2 9 10 9 6 Critical Parts Destroyed 45 | . . . . . . 1 . . . . 1 19 6 11 7 Critical Strikes 94 | . . . . . 2 4 . . . 1 6 31 17 20 13 Destroy 87 | . . . . . . 2 . . . 1 3 31 17 20 13 Blast 7 | . . . . . 2 2 . . . . 3 . . . . Melee Attacks 1 | . 1 . . . . . . . . . . . . . . Impact . | . . . . . . . . . . . . . . . . Slashing 1 | . 1 . . . . . . . . . . . . . . Piercing . | . . . . . . . . . . . . . . . . Sneak Attacks . | . . . . . . . . . . . . . . . . Combat Hostiles . | . . . . . . . . . . . . . . . . Follow-up Attacks . | . . . . . . . . . . . . . . . . Damage Inflicted 16126 | 56 436 . . . 1655 2318 67 64 . 365 1884 2114 1612 1533 4022 Guns 8414 | 56 363 . . . 945 1119 . . . 71 898 1336 990 1533 1103 Cannons 4311 | . 73 . . . 710 1183 67 . . 294 986 778 220 . . Explosions 3385 | . . . . . . . . 64 . . . . 402 . 2919 Melee . | . . . . . . . . . . . . . . . . Ramming 16 | . . . . . . 16 . . . . . . . . . Kinetic 11057 | . 343 . . . 1269 1897 . . . 92 1496 2114 1210 1533 1103 Thermal 1668 | 56 93 . . . 386 405 67 . . 273 388 . . . . Explosive 2615 | . . . . . . . . . . . . . 402 . 2213 Electromagnetic 770 | . . . . . . . . 64 . . . . . . 706 Impact . | . . . . . . . . . . . . . . . . Slashing . | . . . . . . . . . . . . . . . . Piercing . | . . . . . . . . . . . . . . . . Highest Corruption 27 | . 1 1 1 1 . 9 6 6 6 . 3 1 1 1 27 Average Corruption 2 | . 1 1 1 1 . 4 6 6 6 . 1 1 1 1 3 Corruption Purged 9 | . . . . . . 5 . . . . 3 . . 1 . Effects 77 | . 2 . 1 . . 20 20 14 1 . 4 3 5 3 4 Message Errors 27 | . . . 1 . . 10 5 7 . . 1 1 . . 2 Matter Fused 15 | . . . . . . 3 7 4 . . . . . . 1 Heat Flow Errors 6 | . . . . . . 3 2 . 1 . . . . . . Energy Discharges 14 | . 1 . . . . 3 3 1 . . 1 1 4 . . Data Loss (minor) 8 | . . . . . . 1 2 1 . . 2 . 1 1 . Misfires 1 | . . . . . . . 1 . . . . . . . . Weapon Failures 6 | . 1 . . . . . . 1 . . . 1 . 2 1 Overload Shots 1 | . . . . . . . . . . . . . 1 . . Overflow Damage 224 | . . . . . 25 39 34 . . 35 66 3 . . 22 Projectiles 202 | . . . . . 25 39 34 . . 35 66 3 . . . Explosions 22 | . . . . . . . . . . . . . . . 22 Melee . | . . . . . . . . . . . . . . . . Knockbacks 23 | . 1 . . . 4 2 . . . . 10 6 . . . Impact . | . . . . . . . . . . . . . . . . Kinetic 22 | . 1 . . . 4 2 . . . . 9 6 . . . Secondary 1 | . . . . . . . . . . . 1 . . . . Self-Inflicted Damage 161 | . . . . . . . . 30 . . . . . . 131 Shots 3 | . . . . . . . . 1 . . . . . . 2 Rammed 2 | . . . . . . 2 . . . . . . . . . Targets Rammed 2 | . . . . . . 2 . . . . . . . . . Kicked . | . . . . . . . . . . . . . . . . Crushed . | . . . . . . . . . . . . . . . . Highest Temperature 360 | 72 108 . . . 256 254 360 76 187 190 236 120 338 30 237 Average Temperature 66 | 33 22 . . . 78 50 125 38 105 74 50 44 152 14 72 Received Heat Transfer 993 | . 18 . . . 243 129 . . . . 189 258 120 36 . Effects 2 | . . . . . 1 . . . . . . . 1 . . Energy Bleed 1 | . . . . . 1 . . . . . . . . . . Interference 1 | . . . . . . . . . . . . . 1 . . Siege Activations 13 | . . . . . . . . . . . . . 2 4 7 Total Turns 210 | . . . . . . . . . . . . . 30 100 80 Longest Duration 77 | . . . . . . . . . . . . . 16 77 43 Robots Corrupted 1 | . . . . . . . . . . . . . . . 1 Combat Hostiles . | . . . . . . . . . . . . . . . . Parts Fried 2 | . . . . . . . . . . . . . . . 2 Impact Corruptions . | . . . . . . . . . . . . . . . . Robots Melted . | . . . . . . . . . . . . . . . . Combat Hostiles . | . . . . . . . . . . . . . . . . Parts Melted 8 | . . . . . 2 2 . . . 1 3 . . . . Heat Transferred 3753 | 125 200 . . . 868 880 160 . . 640 880 . . . . Parts Sabotaged . | . . . . . . . . . . . . . . . . Parts Stolen . | . . . . . . . . . . . . . . . . Parts Stripped . | . . . . . . . . . . . . . . . . Power Chain Reactions 2 | . . . . . . . . . . . . . . . 2 Missiles Intercepted . | . . . . . . . . . . . . . . . . Alert | -11 -10 -10 -10 -9 -8 -7 -7 -7 -7 -6 -6 -6 -6 -6 -6 ------- Run | Scr Mat Min Exi Min Mat Fac Low Low Zio Pro Fac Ext Cet Arc Hub Peak Influence 632 | 10 232 30 . . 240 158 . . . . 632 395 286 327 622 Initial 226 | . 6 30 . . . 32 . . . . . 226 128 103 . Average 191 | 5 105 30 . . 83 59 . . . . 372 274 209 142 72 Maximum Alert Level 2 | . 1 . . . 1 . . . . . 2 1 1 1 2 Low Security (%) 61 | 100 79 100 . 100 90 100 . . . . 26 18 35 69 88 Level 1 18 | . 20 . . . 9 . . . . . . 81 64 30 4 Level 2 20 | . . . . . . . . . . . 73 . . . 6 Level 3 . | . . . . . . . . . . . . . . . . Level 4 . | . . . . . . . . . . . . . . . . Level 5 . | . . . . . . . . . . . . . . . . High Security . | . . . . . . . . . . . . . . . . Max Security . | . . . . . . . . . . . . . . . . Squads Dispatched 24 | . 3 . . . 2 7 . . . . 5 3 . . 4 Investigation 6 | . 2 . . . . 2 . . . . 1 1 . . . Extermination 7 | . . . . . . 4 . . . . 2 . . . 1 Reinforcement 9 | . 1 . . . 2 1 . . . . 2 2 . . 1 Assault . | . . . . . . . . . . . . . . . . Garrison 2 | . . . . . . . . . . . . . . . 2 Intercept . | . . . . . . . . . . . . . . . . Construction Impeded 1 | . . . . . . . . . . . . 1 . . . Haulers Reinforced 2 | . . . . . . 1 . . . . 1 . . . . Cargo Convoy Interrupts 1 | . . . . . . . . . . . 1 . . . . Stealth | -11 -10 -10 -10 -9 -8 -7 -7 -7 -7 -6 -6 -6 -6 -6 -6 --------- Run | Scr Mat Min Exi Min Mat Fac Low Low Zio Pro Fac Ext Cet Arc Hub Distress Signals 15 | . . . . . 5 1 . . . . 2 4 1 1 1 Communications Jammed . | . . . . . . . . . . . . . . . . Distress Signals . | . . . . . . . . . . . . . . . . Times Spotted 159 | . 13 . . . 18 15 . 3 . 5 13 31 16 17 28 Peak Tracking Total 15 | . 4 . . . 7 5 . 4 . 3 7 4 7 1 15 Tactical Retreats 10 | . 1 . . . 1 . . 1 . 1 1 1 1 . 3 Traps | -11 -10 -10 -10 -9 -8 -7 -7 -7 -7 -6 -6 -6 -6 -6 -6 ------- Run | Scr Mat Min Exi Min Mat Fac Low Low Zio Pro Fac Ext Cet Arc Hub Traps Triggered 9 | . 1 . . . . 2 . . . . 1 1 . . 4 Indirectly 2 | . . . . . . . . . . . . . . . 2 Trap Hack Attempts . | . . . . . . . . . . . . . . . . Triggered . | . . . . . . . . . . . . . . . . Disarmed . | . . . . . . . . . . . . . . . . Reprogrammed . | . . . . . . . . . . . . . . . . Reused . | . . . . . . . . . . . . . . . . Traps Extracted . | . . . . . . . . . . . . . . . . Installed . | . . . . . . . . . . . . . . . . Triggered 1 | . . . . . . . . . . . 1 . . . . Machines | -11 -10 -10 -10 -9 -8 -7 -7 -7 -7 -6 -6 -6 -6 -6 -6 ---------- Run | Scr Mat Min Exi Min Mat Fac Low Low Zio Pro Fac Ext Cet Arc Hub Machines Disabled 23 | . . . . . 1 . . . . . 2 2 4 4 10 Max in Single Turn 8 | . . . . . 1 . . . . . 1 1 1 1 8 Garrison Access 2 | . . . . . . . . . . . 2 . . . . Network Hub 2 | . . . . . . . . . . . . . . . 2 Machines Sabotaged . | . . . . . . . . . . . . . . . . Garrisons Compromised 1 | . . . . . . . . . . . 1 . . . . Overloaded Fab Kills . | . . . . . . . . . . . . . . . . Fab Network Shutdowns . | . . . . . . . . . . . . . . . . Hacking | -11 -10 -10 -10 -9 -8 -7 -7 -7 -7 -6 -6 -6 -6 -6 -6 --------- Run | Scr Mat Min Exi Min Mat Fac Low Low Zio Pro Fac Ext Cet Arc Hub Machines Accessed 49 | . 7 . 2 . 5 8 . 1 . . 7 13 3 . 3 Terminals 42 | . 7 . . . 5 6 . . . . 5 13 3 . 3 Fabricators . | . . . . . . . . . . . . . . . . Repair Stations 1 | . . . . . . 1 . . . . . . . . . Recycling Units . | . . . . . . . . . . . . . . . . Scanalyzers 1 | . . . . . . 1 . . . . . . . . . Garrison Access 2 | . . . . . . . . . . . 2 . . . . Total Hacks 134 | . 24 . 2 . 15 25 . 1 . . 22 31 5 . 9 Successful 64 | . 14 . 2 . 6 10 . 1 . . 10 17 1 . 3 Failed 70 | . 10 . . . 9 15 . . . . 12 14 4 . 6 Catastrophic 8 | . 1 . . . 1 3 . . . . . . 3 . . Database Lockouts . | . . . . . . . . . . . . . . . . Manual 83 | . 24 . 2 . 13 11 . . . . 14 10 . . 9 Terminals 119 | . 24 . . . 15 17 . . . . 18 31 5 . 9 Fabricators . | . . . . . . . . . . . . . . . . Repair Stations 5 | . . . . . . 5 . . . . . . . . . Recycling Units . | . . . . . . . . . . . . . . . . Scanalyzers 3 | . . . . . . 3 . . . . . . . . . Garrison Access 4 | . . . . . . . . . . . 4 . . . . Terminal Hacks 41 | . 8 . 2 . 4 4 . 1 . . 6 14 1 . 1 Record 2 | . . . 1 . . . . . . . . . 1 . . Robot Analysis 11 | . 5 . . . 2 1 . . . . 3 . . . . Prototype ID Bank 1 | . . . . . . . . . . . 1 . . . . Open Door 11 | . . . . . . . . 1 . . 1 9 . . . Branch Access Points 1 | . . . . . . 1 . . . . . . . . . Terminal Index 2 | . . . . . . . . . . . 1 1 . . . Unreport Threat 4 | . . . . . 1 1 . . . . . 2 . . . Locate Traps 3 | . . . . . . 1 . . . . . 1 . . 1 Recall Investigation 1 | . 1 . . . . . . . . . . . . . . Recall Reinforcements 1 | . 1 . . . . . . . . . . . . . . Hauler Manifests 2 | . 1 . . . 1 . . . . . . . . . . Zone Layout 1 | . . . . . . . . . . . . 1 . . . EX-Prototype ID Bank 1 | . . . 1 . . . . . . . . . . . . Fabricator Hacks . | . . . . . . . . . . . . . . . . Repair Station Hacks 2 | . . . . . . 2 . . . . . . . . . Scan Component 1 | . . . . . . 1 . . . . . . . . . Repair 1 | . . . . . . 1 . . . . . . . . . Recycling Unit Hacks . | . . . . . . . . . . . . . . . . Scanalyzer 2 | . . . . . . 2 . . . . . . . . . Insert Component 1 | . . . . . . 1 . . . . . . . . . Analyze 1 | . . . . . . 1 . . . . . . . . . Garrison Access Hacks 2 | . . . . . . . . . . . 2 . . . . Seal Access 2 | . . . . . . . . . . . 2 . . . . Unauthorized Hacks 17 | . 6 . . . 2 2 . . . . 2 3 . . 2 Terminals 17 | . 6 . . . 2 2 . . . . 2 3 . . 2 Assimilate 4 | . 3 . . . . . . . . . . 1 . . . Botnet 12 | . 2 . . . 2 2 . . . . 2 2 . . 2 Operators 1 | . 1 . . . . . . . . . . . . . . Fabricators . | . . . . . . . . . . . . . . . . Repair Stations . | . . . . . . . . . . . . . . . . Recycling Units . | . . . . . . . . . . . . . . . . Scanalyzers . | . . . . . . . . . . . . . . . . Garrison Access . | . . . . . . . . . . . . . . . . Data Cores Recovered 5 | . . . . . 2 . . . . . 1 1 . . 1 Used 1 | . . . . . . . . . . . . 1 . . . Hacking Detections 32 | . 7 . . . 5 6 . . . . 4 6 2 . 2 Full Trace Events 5 | . 3 . . . . 2 . . . . . . . . . Feedback Events 1 | . 1 . . . . . . . . . . . . . . Corruption 1 | . 1 . . . . . . . . . . . . . . Feedback Blocked . | . . . . . . . . . . . . . . . . Robot Schematics Acquired . | . . . . . . . . . . . . . . . . Robots Built . | . . . . . . . . . . . . . . . . Matter . | . . . . . . . . . . . . . . . . Time . | . . . . . . . . . . . . . . . . Total Robot Build Rating . | . . . . . . . . . . . . . . . . Part Schematics Acquired 1 | . . . . . . 1 . . . . . . . . . Parts Built . | . . . . . . . . . . . . . . . . Matter . | . . . . . . . . . . . . . . . . Time . | . . . . . . . . . . . . . . . . Total Part Build Rating . | . . . . . . . . . . . . . . . . Parts Repaired 1 | . . . . . . 1 . . . . . . . . . Time 22 | . . . . . . 22 . . . . . . . . . Parts Recycled . | . . . . . . . . . . . . . . . . Recycled Matter . | . . . . . . . . . . . . . . . . Retrieved Matter . | . . . . . . . . . . . . . . . . Retrieved Components . | . . . . . . . . . . . . . . . . Parts Scanalyzed 1 | . . . . . . 1 . . . . . . . . . Part Schematics Acquired 1 | . . . . . . 1 . . . . . . . . . Parts Damaged . | . . . . . . . . . . . . . . . . Bothacking | -11 -10 -10 -10 -9 -8 -7 -7 -7 -7 -6 -6 -6 -6 -6 -6 ------------ Run | Scr Mat Min Exi Min Mat Fac Low Low Zio Pro Fac Ext Cet Arc Hub Used RIF Installer . | . . . . . . . . . . . . . . . . Robots Hacked . | . . . . . . . . . . . . . . . . Non-combat . | . . . . . . . . . . . . . . . . Combat . | . . . . . . . . . . . . . . . . Robot Hacks Applied . | . . . . . . . . . . . . . . . . Relay Couplers Released 4 | . . . . . . . . . . . 4 . . . . Programmers 4 | . . . . . . . . . . . 4 . . . . Robots Rewired 15 | . . . . . . . . . . . . 15 . . . Allies Hacked . | . . . . . . . . . . . . . . . . Hacks Repelled . | . . . . . . . . . . . . . . . . Allies | -11 -10 -10 -10 -9 -8 -7 -7 -7 -7 -6 -6 -6 -6 -6 -6 -------- Run | Scr Mat Min Exi Min Mat Fac Low Low Zio Pro Fac Ext Cet Arc Hub Total Allies 50 | . . . . 1 . . . . . . 21 28 . . . Largest Group 18 | . . . . 1 1 . . . . . 18 11 4 . . Highest-Rated Group 742 | . . . . 31 31 . . . . . 742 438 118 . . Highest-Rated Ally 156 | . . . . 31 31 . . . . . 74 156 31 . . Total Orders . | . . . . . . . . . . . . . . . . Ally Attacks 244 | . . . . . 13 . . . . . 58 162 11 . . Total Damage 4703 | . . . . . 187 . . . . . 1247 3043 226 . . Kills 34 | . . . . . 1 . . . . . 14 19 . . . Allies Corrupted 1 | . . . . . . . . . . . 1 . . . . Allies Melted . | . . . . . . . . . . . . . . . . Turrets Deployed 1 | . . . 1 . . . . . . . . . . . . Intel | -11 -10 -10 -10 -9 -8 -7 -7 -7 -7 -6 -6 -6 -6 -6 -6 ------- Run | Scr Mat Min Exi Min Mat Fac Low Low Zio Pro Fac Ext Cet Arc Hub Robot Analysis Total 11 | . 5 . . . 2 1 . . . . 3 . . . . Derelict Logs Recovered 7 | . . 1 . . . . . 1 2 3 . . . . . Drone Launches . | . . . . . . . . . . . . . . . . Drone Recoveries . | . . . . . . . . . . . . . . . . Exploration | -11 -10 -10 -10 -9 -8 -7 -7 -7 -7 -6 -6 -6 -6 -6 -6 ------------- Run | Scr Mat Min Exi Min Mat Fac Low Low Zio Pro Fac Ext Cet Arc Hub Turns Passed 13924 | 45 771 71 305 43 738 2227 689 549 1442 912 2716 1115 567 1063 671 Spaces Moved 7996 | 23 627 68 275 36 364 1071 448 369 1066 581 1409 513 275 564 307 Core . | . . . . . . . . . . . . . . . . Treads 278 | . . . . . 3 18 1 . 1 16 57 159 4 8 11 Legs 3 | 3 . . . . . . . . . . . . . . . Wheels 7715 | 20 627 68 275 36 361 1053 447 369 1065 565 1352 354 271 556 296 Hover . | . . . . . . . . . . . . . . . . Flight . | . . . . . . . . . . . . . . . . Fastest Speed 100 | 100 100 100 100 115 115 130 135 135 120 135 135 135 135 145 145 Average Speed 136 | 102 100 100 110 115 124 145 135 135 133 138 140 151 150 148 163 Slowest Speed 260 | 120 100 100 115 115 260 260 252 135 252 252 260 260 260 260 260 Overloaded Moves . | . . . . . . . . . . . . . . . . Propulsion Burnouts . | . . . . . . . . . . . . . . . . Robots Hopped . | . . . . . . . . . . . . . . . . Cave-ins Triggered . | . . . . . . . . . . . . . . . . Exploration Rate (%) 51 | 3 88 12 65 10 28 33 67 53 82 69 35 71 80 97 35 Regions Visited 15 Branch Regions 11 Pre-discovered Areas 3 | . . . 1 . . . . . 2 . . . . . . Known Exits Taken 5 | . . . . . 1 1 1 1 . . 1 . . . . Unknown Exits Taken 10 | 1 1 1 1 1 . . . . 1 1 . 1 1 1 . Scrap Searched 10 | . . . . . . . 3 3 3 1 . . . . . Spaces Dug 55 | . 1 . . . . 9 17 3 . 5 20 . . . . Terrain Destroyed 490 | . 1 . . . . 15 24 7 . 7 35 22 9 26 344 Melee 1 | . 1 . . . . . . . . . . . . . . Projectile 168 | . . . . . . 15 24 7 . 7 35 22 9 26 23 AOE 321 | . . . . . . . . . . . . . . . 321 Terrain Rammed . | . . . . . . . . . . . . . . . . Walls Destroyed . | . . . . . . . . . . . . . . . . Machines Disabled . | . . . . . . . . . . . . . . . . Actions | -11 -10 -10 -10 -9 -8 -7 -7 -7 -7 -6 -6 -6 -6 -6 -6 --------- Run | Scr Mat Min Exi Min Mat Fac Low Low Zio Pro Fac Ext Cet Arc Hub Total 10255 | 35 720 71 277 37 525 1652 513 408 1085 666 2038 721 362 724 421 Wait 1249 | . 42 2 . 2 24 421 27 14 . 57 481 22 11 66 80 Move 7981 | 22 626 67 274 35 363 1070 447 368 1065 580 1408 512 274 563 307 Hop . | . . . . . . . . . . . . . . . . Pick Up 117 | 4 7 1 1 . 23 21 3 4 3 . 15 4 7 24 . Fast Attach 53 | . 3 . . . 8 8 . . 6 1 8 4 8 3 4 Attach 29 | 2 1 . . . 6 4 . . . . 7 3 3 2 1 Detach 2 | . . . . . . . . . . . 1 . 1 . . Swap 134 | . 4 . 1 . 19 29 8 6 2 8 26 13 12 1 5 Drop 147 | 2 9 1 1 . 17 31 4 4 9 2 22 7 10 27 1 Fire 453 | 5 27 . . . 65 66 24 12 . 18 70 69 36 38 23 Melee 1 | . 1 . . . . . . . . . . . . . . Ram . | . . . . . . . . . . . . . . . . Kick . | . . . . . . . . . . . . . . . . Crush 2 | . . . . . . 2 . . . . . . . . . Escape Stasis 2 | . . . . . . . . . . . . 2 . . . Rewire 85 | . . . . . . . . . . . . 85 . . . Trap . | . . . . . . . . . . . . . . . . Miscellaneous . | . . . . . . . . . . . . . . . . Route ------- -11/Scrapyard -10/Materials (discovered 4 exits: [*Mat x2] / [*Min x2]) -10/Mines (discovered 2 exits: [*Mat] / *Exi) -10/Exiles -9/Mines -8/Materials -7/Factory (discovered 3 exits: *Fac / *Low x2) -7/Lower Caves -7/Lower Caves -7/Zion -6/Proximity Caves -6/Factory (discovered 3 exits: [*Fac] / [*Low] / *Ext) -6/Extension (discovered 2 exits: [*Fac] / *Cet) -6/Cetus -6/Archives (discovered 3 exits: [*Fac] / *Hub x2) -6/Hub_04(d) (discovered 2 exits: [*Fac x2]) History --------- Turn | Location | Event 13 | -11/Scrapyard | Discovered new exit (range 3) 46 | -11/Scrapyard | Entered Materials 149 | -10/Materials | Discovered new exit (range 16) 178 | -10/Materials | Discovered new exit (range 5) 294 | -10/Materials | Discovered new exit (range 10) 303 | -10/Materials | Build established: Mutant 555 | -10/Materials | Discovered new exit (range 10) 817 | -10/Materials | Entered Mines 839 | -10/Mines | Found a damaged Exp. Sensor Array with a note attached 842 | -10/Mines | Found Prototype Device 848 | -10/Mines | Learned Materials security intel 862 | -10/Mines | Discovered new exit (range 13) 883 | -10/Mines | Deemed a non-threat by the Exiles lab entrance 884 | -10/Mines | Discovered new exit (range 5) 888 | -10/Mines | Entered Exiles 912 | -10/Exiles | Met 8R-AWN 930 | -10/Exiles | Met EX-HEX 1006 | -10/Exiles | Met EX-BIN 1020 | -10/Exiles | Aligned with FarCom system 1021 | -10/Exiles | Given EX-Vault access code 1048 | -10/Exiles | Opened EX-Vault 1061 | -10/Exiles | DAS Turret deployed 1062 | -10/Exiles | Found Gui. Plasma Cannon 1088 | -10/Exiles | Warned to stay clear of 0b10 Research branches 1124 | -10/Exiles | Met EX-DEC 1129 | -10/Exiles | Learned location of Zion (-7) 1181 | -10/Exiles | Discovered new exit (range 14) 1193 | -10/Exiles | Left Exiles lab with Gui. Plasma Cannon 1193 | -10/Exiles | Entered Mines 1196 | -9/Mines | Received a Mining Laser from a helpful Derelict 1220 | -9/Mines | Discovered new exit (range 12) 1236 | -9/Mines | Entered Materials 1236 | -8/Materials | Accompanied by 1 ally 1236 | -8/Materials | Evolved 4 slots: Propulsion x1, Utility x2, Weapon x1 1546 | -8/Materials | Build established: Skirmisher 1603 | -8/Materials | Lost 3 parts (1p1u1w) 1937 | -8/Materials | Discovered new exit (range 10) 1940 | -8/Materials | Build established: Scavenger-Skirmisher 1950 | -8/Materials | Identified exit to Factory 1974 | -8/Materials | Entered Factory 1974 | -7/Factory | Evolved 2 slots: Utility x2 2108 | -7/Factory | Repaired Kinecellerator 3012 | -7/Factory | Identified Exp. Sensor Array 3378 | -7/Factory | Build established: Scavenger-Gunner 3487 | -7/Factory | Discovered new exit (range 9) 3570 | -7/Factory | Identified exit to Lower Caves 3686 | -7/Factory | Build established: Gunner 4201 | -7/Factory | Entered Lower Caves 4438 | -7/Lower Caves | Build established: Mutant 4799 | -7/Lower Caves | Discovered new exit (range 5) 4803 | -7/Lower Caves | Identified exit to Lower Caves 4890 | -7/Lower Caves | Entered another Lower Caves area 5097 | -7/Lower Caves | Encountered a Warlord checkpoint 5268 | -7/Lower Caves | Learned Factory security intel 5427 | -7/Lower Caves | Discovered new exit (range 9) 5438 | -7/Lower Caves | Identified exit to Zion 5439 | -7/Lower Caves | Entered Zion 5496 | -7/Zion | System corruption cleaned by Quarantine Array 5612 | -7/Zion | Received a hallucinogenic algorithm 5631 | -7/Zion | Discovered new exit (range 13) 5727 | -7/Zion | Learned Factory stockpile data 5799 | -7/Zion | Found Prototype Device 5799 | -7/Zion | Identified Phasing AFG 6100 | -7/Zion | Learned location of Warlord (-5) 6881 | -7/Zion | Entered Proximity Caves 6906 | -6/Proximity Caves | Learned Factory emergency access door positions 7257 | -6/Proximity Caves | Attracted the attention of an 0b10 checkpoint 7632 | -6/Proximity Caves | Discovered new exit (range 15) 7683 | -6/Proximity Caves | Learned 4 Factory zone layouts 7793 | -6/Proximity Caves | Entered Factory 7793 | -6/Factory | Evolved 2 slots: Utility x2 7794 | -6/Factory | Identified exit to Extension 8346 | -6/Factory | Found Prototype Launcher 8346 | -6/Factory | Identified Scatter Rocket Array 8523 | -6/Factory | Cargo convoy interrupted 8616 | -6/Factory | Discovered new exit (range 6) 9004 | -6/Factory | Lost 3 parts (1n2w) 9814 | -6/Factory | Build established: Gunner 10164 | -6/Factory | Discovered new exit (range 15) 10509 | -6/Factory | Entered Extension 10546 | -6/Extension | Disrupted transfer network 10784 | -6/Extension | Rescued a captive Derelict 10785 | -6/Extension | Rescued a captive Derelict 10787 | -6/Extension | Rescued a captive Derelict 10804 | -6/Extension | Rescued a captive Derelict 10938 | -6/Extension | Rescued a captive Derelict 10939 | -6/Extension | Rescued a captive Derelict 10953 | -6/Extension | Rescued A7 10982 | -6/Extension | Rescued a captive Derelict 10982 | -6/Extension | Rescued a captive Derelict 10998 | -6/Extension | Spotted B-75 Beast 11009 | -6/Extension | Spotted B-75 Beast 11024 | -6/Extension | Allies destroyed B-75 Beast 11035 | -6/Extension | Allies destroyed B-75 Beast 11093 | -6/Extension | Build established: Hacker-Gunner 11150 | -6/Extension | Extracted ID and sensor layout for unrecognized location from A7's data core 11153 | -6/Extension | Rescued a captive Derelict 11155 | -6/Extension | Rescued a captive Derelict 11215 | -6/Extension | Rescued a captive Derelict 11453 | -6/Extension | Rescued a captive Derelict 11582 | -6/Extension | Discovered new exit (range 10) 11583 | -6/Extension | Discovered new exit (range 6) 11624 | -6/Extension | Entered Cetus 11624 | -6/Cetus | Accompanied by 4 allies 11658 | -6/Cetus | Spotted Cetus Guard 11677 | -6/Cetus | Destroyed Cetus Guard 11679 | -6/Cetus | Spotted Cetus Guard 11686 | -6/Cetus | Destroyed Cetus Guard 11695 | -6/Cetus | Destroyed Cetus Guard 11697 | -6/Cetus | Spotted Cetus Guard 11708 | -6/Cetus | Destroyed Cetus Guard 11956 | -6/Cetus | Found a strange terminal 12169 | -6/Cetus | Discovered new exit (range 15) 12191 | -6/Cetus | Entered Archives 12289 | -6/Archives | Unable to access archive contents 12304 | -6/Archives | Unable to access archive contents 12320 | -6/Archives | Discovered new exit (range 15) 12470 | -6/Archives | Discovered new exit (range 12) 12505 | -6/Archives | Build established: Scavenger-Tank 12524 | -6/Archives | Discovered new exit (range 16) 12897 | -6/Archives | Unable to access archive contents 13085 | -6/Archives | Build established: Scavenger-Mutant 13254 | -6/Archives | Entered Hub_04(d) 13317 | -6/Hub_04(d) | Discovered new exit (range 5) 13429 | -6/Hub_04(d) | Discovered new exit (range 15) 13563 | -6/Hub_04(d) | Build established: Scavenger-Tank 13881 | -6/Hub_04(d) | Network Hub disabled 13881 | -6/Hub_04(d) | Network Hub disabled 13901 | -6/Hub_04(d) | Spotted Lightning 13902 | -6/Hub_04(d) | Spotted Lightning 13902 | -6/Hub_04(d) | Spotted Lightning 13902 | -6/Hub_04(d) | Spotted Lightning 13902 | -6/Hub_04(d) | Spotted Lightning 13902 | -6/Hub_04(d) | Spotted Lightning 13902 | -6/Hub_04(d) | Spotted Lightning 13903 | -6/Hub_04(d) | Spotted Lightning 13904 | -6/Hub_04(d) | Spotted Lightning 13906 | -6/Hub_04(d) | Spotted Lightning 13908 | -6/Hub_04(d) | Spotted Lightning 13909 | -6/Hub_04(d) | Core integrity fell below 50% 13909 | -6/Hub_04(d) | System corruption reached 10% 13909 | -6/Hub_04(d) | Spotted Lightning 13925 | -6/Hub_04(d) | Self-destructed Last Messages --------------- 13919_ Slug penetrates I-47 Archangel. 13919_ Penetrated by EMDS Slug. 13919_ EMDS Slug penetrates Wall. 13920_ Penetrated by EMDS Slug. 13920_ Imp. KE Penetrator destroyed. 13921_ The unstable cave ceiling collapses. 13921_ Penetrated by EMDS Slug. 13922_ Slug penetrates I-47 Archangel. 13922_ I-47 Archangel destroyed. 13922_ Switching to secondary target: Lightning. 13922_ Slug penetrates Lightning. 13922_ U-05 Engineer suffers critical hit (Destroy). 13922_ U-05 Engineer destroyed. 13922_ Penetrated by EMDS Slug. 13922_ EMDS Slug penetrates Earth. 13923_ Penetrated by EMDS Slug. 13923_ EMDS Slug penetrates Earth. 13923_ Centrium Heavy Treads destroyed. 13924_ The unstable cave ceiling collapses. 13924_ EMDS Slug penetrates Earth. Map ----- +----------------------------------------------------+ | ?????????????????????????????????????????????????? | | ?????????????????????????????????????????????????? | | ?????????????????????????????????????????????????? | | ?????????????????????????????????????????????????? | | ?????????????????????????????????????????????????? | | ??????##########?????????????????????????????????? | | ??????# #?????????????????????????????????? | | ??????# #?????????????????????????????????? | | ??????# #?????????????????????????????????? | | ??????# #?????????????????????????????????? | | ??????# #?????????????????????????????????? | | ??????# #?????????????????????????????????? | | ??????# #?????????????????????????????????? | | ??????# #?????????????????????????????????? | | ??????# #?????????????????????????????????? | | ??????#####+####?????????????????####++#?????????? | | #"####### ##???#####????????? Y ??????????? | | " #;;### #????????? ??????????? | | ! "T * /????????# "??????????? | | !=% ### ! h????????# "?????????? | | ####+#### # =%h ???????# ""????????? | | #= ####### h=hh ???????# "????????? | | # """" # h%=??????;;/ " ??????? | | # """" # """ hhhhh= ####;;;; #????? | | # """" # i h ;; #????? | | # """" # """ [@ ; #????? | | #= # ! % ;;;;;; ????????? | | # """" # """ # # [ # ;*; ????????? | | #" """" # # + ####=# ?????????? | | #T """" # """ # # ##" %##???#?????????? | | #" """" # # # ##T=!####???????????? | | # ####+##### # ####! [ #???????????? | | #########??# #???? # #??# #???????????? | | ???????????# #???# # #??# #???????????? | | ???????????# #???# # #?## #???????????? | | ???????????# #???# #####+#####?##** !#???????????? | | ???????????# #???# #???# #?????## = =#???????????? | | ???????????# #???# #???# #??????#=!|[#???????????? | | ???????????# #???# #???# #??????#== !#????????#??? | | ???????????# #???# ##### ######## *!/### #??? | | ????######## #???# =[*[%= " ! #??? | | ????# # #???# #############"###* ######????? | | ????# """" # ##### #???????????#[ # ??????? | | ????# ""T" + #???????????### # #######?????? | | ????# ####+##+#####??????????##+#???????????? | | ????# #?# #???????????? ????????????? | | ????# #?# #???????????? ????????????? | | ????########?# =#???????????? ????????????? | | ?????????????# #?????????????????????????? | | ?????????????###########?????????????????????????? | +----------------------------------------------------+ Best States ------------- Heat Dissipation 75 Energy Generation 25 Energy Capacity 500 Matter Stores 300 Matter Capacity 300 Sight Range 16 Robot Scan Range 20 Terrain Scan Density 10 Jamming Range 8 Additional Mass Support 9 Armor Coverage 1350 Weapon Cycling 15 Evasion (%) 40 Target Analysis 6 Armor Integrity Analysis 20 Recoil Reduction 2 Matter Filtering 30 Kinecelleration 30 Salvage Targeting 4 Offensive Hacking 21 Defensive Hacking 11 Item Schematics ----------------- Exp. Sensor Array | -7/Factory | Scanalyzed Robot Schematics ------------------ None Fabricated ------------ Nothing Alien Tech Used ----------------- None Achievements -------------- Gunslinger Preemptive Strike Challenges ------------ None Game ------ Seed DeuteriumOpticalBooster Manual? 0 Play Time 03:48:31 Cumulative 244.4 hours Start 2021.07.10 @ 00:44:16 End 2021.07.10 @ 17:23:45 Sessions 3 Manual Loads 0 Difficulty Rogue Special Mode None Game No. 136 Rogue 136 Adventurer 0 Explorer 0 Win Type - Total 4 Types 3/0/0/1/0/0/0/0/0 Lore% 68 Gallery% 77 Achievement% 53 Wizard Run 0 Options --------- ASCII 0 Keyboard 0 Movement Numpad Keybinds 0 Fullscreen 1 Font 18/SmallcapsGlow Map View 76x50 Tactical HUD 1 Map Filters NONE Filters NONE Steam 1 RUN: 7678a37e-cbf4-42d8-a742-7d8ff53322e7